 Dungeon Crawl Stone Soup version 0.30-a0-578-gdee14c521f (webtiles) character file.

Game seed: 6631070654451953019

405617 demibob the Conqueror (level 23, -5/224 (240) HPs)
             Began as a Hill Orc Fighter on Dec 31, 2022.
             Was the Champion of Beogh.
             Killed by a mummy priest's death curse (22 damage)
             ... on level 2 of the Depths.
             The game lasted 01:47:04 (67900 turns).

demibob the Conqueror (Hill Orc Fighter)           Turns: 67900, Time: 01:47:05

HP:   -5/224 (240)  AC: 37    Str: 30    XL:     23   Next: 39%
MP:   3/30          EV: 17    Int:  6    God:    Beogh [******]
Gold: 3825          SH:  0    Dex: 10    Spells: 22/22 levels left

rFire   . . .      SeeInvis .    a - +6 battleaxe (flame)
rCold   . . .      Faith    +    (shield currently unavailable)
rNeg    . . .      Spirit   .    O - +2 plate armour {rPois}
rPois   +          Reflect  .    e - +1 helmet
rElec   +          Harm     .    q - +1 cloak {rPois}
rCorr   .          Rampage  .    t - +3 Mad Mage's Maulers {Infuse+∞ VampMP -Cast}
Will    +....      NoCast   +    b - +0 pair of boots of the Beginning {rPois Regen+ Int-2} Stlth
                                 r - amulet of faith {!P}
HPRegen 1.37/turn                E - +5 ring of evasion
MPRegen 0.22/turn                Y - +4 ring of protection

@: slowed, studying Fighting, drained, very slow
A: walk on water, deformed body, low MP 1, electricity resistance
}: 2/15 runes: serpentine, silver
a: Renounce Religion, Smiting, Recall Orcish Followers, Give Item to Named
Follower, Resurrection


You were on level 2 of the Depths.
You worshipped Beogh.
Beogh was exalted by your worship.
You visited 7 branches of the dungeon, and saw 36 of its levels.
You visited the Abyss 3 times.

You collected 5588 gold pieces.
You spent 1763 gold pieces at shops.


Innate Abilities, Weirdness & Mutations

You can walk on water.
Armour fits poorly on your strangely shaped body.
Your magical capacity is low. (-10% MP)
You are resistant to electric shocks. (rElec)


   Skills:
 O Level 27 Fighting
 + Level 24.2 Axes
 O Level 27 Armour
 + Level 9.2 Dodging
 - Level 3.2 Shields
 - Level 14.1 Invocations


You had 22 spell levels left.
You didn't know any spells.
Your spell library contained the following spells:

 Spells                   Type           Power      Damage    Failure   Level
 Freeze                   Ice            0%         1d3       80%         1
 Kiss of Death            Conj/Necr      0%         2d5       80%         1
 Magic Dart               Conj           0%         1d3       80%         1
 Necrotise                Necr           0%         1d4       80%         1
 Shock                    Conj/Air       0%         1d3       80%         1
 Slow                     Hex            0%         N/A       80%         1
 Summon Small Mammal      Summ           0%         N/A       80%         1
 Blink                    Tloc           0%         N/A       90%         2
 Call Imp                 Summ           0%         N/A       90%         2
 Cigotuvi's Dreadful Rot  Necr/Pois/Air  0%         N/A       90%         2
 Poisonous Vapours        Pois/Air       0%         N/A       90%         2
 Searing Ray              Conj           0%         2d4       90%         2
 Static Discharge         Conj/Air       0%         2-2/arc   90%         2
 Call Canine Familiar     Summ           0%         N/A       99%         3
 Confusing Touch          Hex            0%         N/A       99%         3
 Dazzling Flash           Conj/Hex       0%         N/A       99%         3
 Frozen Ramparts          Ice            0%         1d1       99%         3
 Hailstorm                Conj/Ice       0%         3d3       99%         3
 Ignite Poison            Fire/Tmut/Pois 0%         N/A       99%         3
 Kindle Blastsparks       Fire/Tloc/Air  0%         2d10      99%         3
 Mephitic Cloud           Conj/Pois/Air  0%         N/A       99%         3
 Ozocubu's Armour         Ice            0%         N/A       99%         3
 Stone Arrow              Conj/Erth      0%         3d7       99%         3
 Summon Guardian Golem    Hex/Summ       0%         N/A       99%         3
 Tukima's Dance           Hex            0%         N/A       99%         3
 Vampiric Draining        Necr           0%         2d6       99%         3
 Vhi's Electric Charge    Tloc/Air       0%         N/A       99%         3
 Airstrike                Air            0%         2d(0-16)  100%        4
 Animate Dead             Necr           0%         N/A       100%        4
 Dispel Undead            Necr           0%         3d6       100%        4
 Fulminant Prism          Conj/Hex       0%         3d5       100%        4
 Iskenderun's Mystic Bla  Conj/Tloc      0%         2d3       100%        4
 Manifold Assault         Tloc           0%         N/A       100%        4
 Olgreb's Toxic Radiance  Pois           0%         N/A       100%        4
 Passage of Golubria      Tloc           0%         N/A       100%        4
 Summon Ice Beast         Ice/Summ       0%         N/A       100%        4
 Summon Lightning Spire   Summ/Air       0%         N/A       100%        4
 Agony                    Necr           0%         N/A       100%        5
 Freezing Cloud           Conj/Ice/Air   0%         6-21      100%        5
 Lee's Rapid Deconstruct  Erth           0%         3d4*      100%        5
 Lightning Bolt           Conj/Air       0%         1d11      100%        5
 Silence                  Hex/Air        0%         N/A       100%        5
 Summon Mana Viper        Hex/Summ       0%         N/A       100%        5
 Yara's Violent Unravell  Hex/Tmut       0%         3d3       100%        5
 Conjure Ball Lightning   Conj/Air       0%         3x3d6     100%        6
 Starburst                Conj/Fire      0%         6d3       100%        6
 Haunt                    Necr/Summ      0%         N/A       100%        7
 Monstrous Menagerie      Summ           0%         N/A       100%        7
 Orb of Destruction       Conj           0%         9d5       100%        7
 Ozocubu's Refrigeration  Ice            0%         4d7       100%        7
 Spellforged Servitor     Conj/Summ      0%         N/A       100%        7
 Storm Form               Tmut/Air       0%         N/A       100%        7
 Discord                  Hex            0%         N/A       100%        8
 Disjunction              Tloc           0%         N/A       100%        8
 Ignition                 Fire           0%         3d3       100%        8
 Infestation              Necr           0%         N/A       100%        8
 Lehudib's Crystal Spear  Conj/Erth      0%         10d2      100%        8
 Maxwell's Capacitive Co  Air            0%         ∞         100%        8
 Chain Lightning          Conj/Air       0%         N/A       100%        9

Inventory:

Hand Weapons
 a - a +6 battleaxe of flaming (weapon)
Armour
 b - the +0 pair of boots of the Beginning (worn) {rPois Regen+ Int-2}
   (You bought it in a shop on level 2 of the Orcish Mines)

   Int:       It affects your intelligence (-2).
   rPois:     It protects you from poison.
   Regen:     It increases your rate of health regeneration.
 e - a +1 helmet (worn)
 q - a +1 cloak of poison resistance (worn)
 t - the +3 Mad Mage's Maulers (worn) {Infuse+∞ VampMP -Cast}
   (You acquired it on level 6 of the Dungeon)

   It empowers its wearer's blows with all of their magic.
   Blows struck in melee replenish the wearer's magic.
   -Cast:     It prevents spellcasting.
 y - +0 storm dragon scales
 O - a +2 plate armour of poison resistance (worn)
 T - +4 fire dragon scales {Xtahua}
Jewellery
 c - an amulet of reflection
 f - a ring of protection from fire
 r - an amulet of faith (around neck) {!P}
 v - a ring of see invisible
 w - a ring of willpower
 C - a ring of protection from cold
 D - the ring of Xejenn {Will+ rCorr Stlth+}
   (You found it on level 9 of the Dungeon)

   [ring of resist corrosion]

   rCorr:     It protects you from acid and corrosion.
   Will:      It increases your willpower.
   Stlth:     It makes you more stealthy.
 E - a +5 ring of evasion (left hand)
 L - a ring of flight
 N - the ring "Joifumuv" {rPois rN++ rCorr Int+6 Dex+3}
   (You took it off a vault guard on level 5 of the Vaults)

   [ring of intelligence]

   Int:       It affects your intelligence (+6).
   Dex:       It affects your dexterity (+3).
   rPois:     It protects you from poison.
   rN:        It greatly protects you from negative energy.
   rCorr:     It protects you from acid and corrosion.
 P - a ring of poison resistance
 W - a ring of willpower
 Y - a +4 ring of protection (right hand)
Wands
 d - a wand of quicksilver (4)
 i - a wand of digging (15)
 u - a wand of flame (44)
 A - a wand of roots (29)
 G - a wand of mindburst (39)
 J - a wand of charming (14)
 S - a wand of polymorph (14)
Scrolls
 g - 7 scrolls of fear
 l - 4 scrolls of poison
 o - 12 scrolls of enchant weapon
 p - 5 scrolls of enchant armour
 x - 5 scrolls of magic mapping
 I - 2 scrolls of brand weapon
 K - 18 scrolls of identify {@r1}
 M - 2 scrolls of amnesia
 Q - 4 scrolls of blinking
 U - 5 scrolls of teleportation {@r2}
Potions
 j - 6 potions of mutation
 k - 4 potions of invisibility
 m - a potion of heal wounds {@q2}
 n - 3 potions of ambrosia
 B - 4 potions of flight
 F - a potion of resistance
 R - a potion of cancellation
 V - a potion of curing {@q1}
 X - 2 potions of haste {@q3}
Miscellaneous
 h - a box of beasts
 s - a phantom mirror
 z - a lightning rod (4/4)
 Z - a phial of floods

Dungeon Overview and Level Annotations

Branches:
Dungeon (15/15)            Temple (0/1) D:7            Lair (5/5) D:8
 Shoals (0/4) Lair:2        Snake (4/4) Lair:3        Slime (0/5) Lair:4
    Orc (2/2) D:10            Elf (3/3) Orc:2        Vaults (5/5) D:13
  Crypt (0/3) Vaults:2     Depths (2/4) D:15

Altars:
Ashenzari
Cheibriados
Dithmenos
Elyvilon
Fedhas
Hepliaklqana
Kikubaaqudgha
Makhleb
Nemelex Xobeh
Okawaru
Qazlal
Ru
Sif Muna
Wu Jian
Xom
Yredelemnul
The Shining One
Beogh
Jiyva

Shops:
D:8 :=   D:15 ?   Orc:2 :[([[   Elf:1 :   Snake:2 [   Snake:4 [?(*(
Vaults:1 [

Portals:
Hell: Depths:1 Depths:2
Ziggurat: Depths:2
Trove: D:12 (give 6 potions of haste)

Annotations:
D:15 2 runed translucent doors, Ryruocesk's ghost, adept DEFE
Lair:4 1 runed translucent door
Snake:4 3 runed translucent doors, jejorda2's ghost, adept MfBe; jfcaron's ghost, adept DsMo
Depths:2 2 exclusions

▒▒▒▒▒ ▒...▒
▒▒▒'▒▒▒▒▒▒▒▒▒ ▒▒▒▒▒▒
▒..^..▒....$▒
▒▒...▒▒▒▒..^..▒.....▒
▒▒▒▒'▒8.'....oo.Z§..▒
....(...'....ooo@§§.+
▒▒▒▒'▒8.'....o4o§.§.▒
▒▒...▒▒▒▒..^.4▒.3§..▒
▒▒▒▒▒▒ ▒.....▒§.§.$▒
▒▒▒+▒▒▒▒▒▒▒▒▒ #######
### ##.....###.#


You could see a spectral glowing shapeshifter (ally target), the friendly Agrik
the orc warlord (strong), the friendly Bogbrand the orc warlord (strong), the
friendly Ugrim the orc warlord (strong), a friendly orc knight (strong), the
friendly Bogdar the orc knight (strong), the friendly Wargrak the orc knight
(strong, drained), a friendly soul eater (summoned), a friendly hellwing
(summoned), the friendly Berold the orc sorcerer (strong) and a friendly red
devil (summoned).


Message History

The mummy disappears in a puff of smoke!
The frost giant skeleton disappears in a puff of smoke!
Agrik looks more experienced.
You feel extremely nervous for a moment...
Pain shoots through your body!
* * * LOW HITPOINT WARNING * * *
The mummy priest mumbles some strange prayers to its god.
The ice devil barely misses you. The neqoxec gestures at you.
Strange energies course through your body.
Your body twists and deforms.
The necrophage barely misses your soul eater.
Berold hits the vampire with a +4 rapier of electrocution.
You open the mummy priest like a pillowcase!!!
You burn the mummy priest!
You destroy the mummy priest!
Beogh accepts your kill.
Beogh appreciates your killing of a heretic priest.
Beogh blesses Wargrak with superior armament.
The necrophage disappears in a puff of smoke!
The vampire disappears in a puff of smoke!
The sphinx simulacrum disappears in a puff of smoke!
The jiangshi disappears in a puff of smoke!
The neqoxec disappears in a puff of smoke!
The ice devil disappears in a puff of smoke!
You slice the spectral glowing shapeshifter!!
You burn the spectral glowing shapeshifter!
You feel extremely nervous for a moment...
Pain shoots through your body!!
You die...

Skill      XL: |  1  2  3  4  5  6  7  8  9 10 11 12 13 14 15 16 17 18 19 20 21 22 23 |
---------------+----------------------------------------------------------------------+-----
Axes           | 3 4 5 7 8 9 11 13 14 16 17 19 20 23 24 | 24.2
Fighting       | 4 7 9 11 13 15 16 18 19 21 23 24 27 | 27.0
Armour         | 4 6 9 10 12 14 15 16 18 20 21 23 24 27 | 27.0
Invocations    | 4 9 12 14 | 14.1
Dodging        | 1 7 9 |  9.2
Shields        | |  3.2

Action                   |  1- 3 |  4- 6 |  7- 9 | 10-12 | 13-15 | 16-18 | 19-21 | 22-24 || total
-------------------------+-------+-------+-------+-------+-------+-------+-------+-------++-------
Melee: War axe           |    86 |    65 |   241 |   305 |   218 |       |       |       ||   915
       Punch             |       |       |     1 |     4 |     6 |       |       |       ||    11
       Battleaxe         |       |       |       |       |   522 |   575 |   812 |   452 ||  2361
Invok: Convert to Beogh  |       |       |     1 |       |       |       |       |       ||     1
       Recall Orcish Fol |       |       |       |       |     3 |    11 |     7 |     3 ||    24
       Give Item to Name |       |       |       |       |       |     3 |     2 |       ||     5
Evoke: Wand              |       |       |     9 |     4 |     3 |       |       |       ||    16
       Lightning rod     |       |       |       |       |       |     4 |       |       ||     4
  Use: Scroll            |     8 |       |    16 |     8 |     4 |     4 |    10 |     4 ||    54
       Potion            |       |     1 |     4 |     6 |     1 |     9 |    17 |     3 ||    41
 Stab: Paralysed         |       |       |       |       |     6 |       |     1 |       ||     7
       Distracted        |       |       |       |       |     6 |     6 |    10 |       ||    22
Armor: Scale mail        |    38 |    27 |    76 |    86 |       |       |       |       ||   227
       Plate armour      |       |       |       |    10 |   516 |   408 |   504 |   278 ||  1716
Dodge: Dodged            |    65 |    49 |   160 |   143 |   411 |   280 |   439 |   246 ||  1793

Levels and vault maps discovered:
D:1:      dpeg_arrival_renting, layout_basic,
          shapermc_ecumenical_altar_mp_vishouse, solitary_fountain,
          minmay_tetromino_s2
D:2:      layout_loops_cross
D:3:      layout_rooms, nicolae_ashenzari_panopticon,
          mainiacjoe_overflow_small_starburst, old_standard_altar,
          chequers_serial_rivers_marsh, uniq_sigmund
D:4:      layout_loops_cross, general_overflow_altar, grunt_decor_junction,
          patterned_corridor
D:5:      layout_gridville, nicolae_overflow_hidden_temple,
          nicolae_hepliaklqana_hazy_memory, makhleb_blood_cavern_becter,
          okawaru_trees_1
D:6:      layout_basic, elyvilon_altar_3, pdpol_wu_jian_five_deadly_venoms,
          lemuel_crystal_altar
D:7:      layout_cave_pods, minmay_temple_entry_arrows, hangedman_decor_lopped
D:8:      layout_gridville, led_sif_pool, lair_entry_dummy, serial_shops, shop,
          nicolae_shop_unique_rings
D:9:      layout_roguey, nicolae_elevator_lobby_plus
D:10:     nzn_winding_woodlands_cross [nzn_winding_woodlands_5x15_eye,
          nzn_winding_woodlands_5x15_sawtooth,
          nzn_winding_woodlands_5x15_default,
          nzn_winding_woodlands_5x15_default,
          nzn_winding_woodlands_15x15_five_gardens], layout_stronghold,
          slow_altar_1, mainiacjoe_overflow_alcove_1, serial_co_window_serial,
          co_window_paths_b, co_window_cross_1, co_window_paths_a,
          co_window_corner_a, co_window_of_opportunity_a, co_window_corner_a,
          co_window_of_opportunity_c, co_window_cross_4, co_window_paths_c,
          co_window_unsneaky_path_e, glass_columns_a, uniq_psyche,
          uniq_gastronok
D:11:     layout_rooms, hangedman_decor_slide_cut, minivault_1
D:12:     layout_irregular_city, enter_trove_2, minmay_beelzebubs_servants
D:13:     layout_rooms, david_vaults_1, tso_metal_star
D:14:     layout_basic, serial_ice, serial_ice_o, serial_ice_i, serial_ice_c,
          serial_ice_h, serial_ice_g
D:15:     gammafunk_enter_depths_forms, layout_cave_pools,
          small_statue_intersection, muffindrake_ghost_dual_entry, serial_shops,
          nicolae_shop_trees
Lair:1:   layout_regular_city, basic_altar
Lair:2:   layout_chaotic_city, elwin_shoals_entry_rooms, beast_lair_carwin_3
Lair:3:   layout_hall_layers, minmay_snake_entry_guardpost_large
Lair:4:   layout_gridlike, slime_entry_2, minivault_24, pf_torpor_hydra,
          grunt_megastairs_4, serial_bayou_shore_b, uniq_urug, uniq_josephine
Lair:5:   hangedman_lair_caniforms_friends, layout_cave_shapes,
          hangedman_lair_in_review
Snake:1:  layout_cave_shapes, uniq_agnes, uniq_nikola, uniq_kirke, uniq_aizul
Snake:2:  nicolae_aizul_guard, layout_chambers, basic_altar, serial_shops,
          shop_statue, st_stairs_9, eino_curves_03
Snake:3:  layout_cave_town, nicolae_snake_bzzzt, serial_bayou_shore_b,
          uniq_vashnia, uniq_mlioglotl
Snake:4:  snake_pit_salamanders_mu, layout_basic, gammafunk_ghost_cemetery,
          serial_shops, nicolae_shop_advertising_works
          [nicolae_subvault_shop_adworks], nicolae_snake_serpentine_bazaar,
          uniq_asterion
Orc:1:    layout_caves, uniq_fannar
Orc:2:    grunt_orc_community_town_hall, layout_diamond_mine,
          grunt_orc_community_big_house_1, grunt_orc_community_big_house_2,
          grunt_orc_community_house_1, grunt_orc_community_house_1,
          grunt_orc_community_house_2, grunt_orc_community_house_2,
          serial_shops, shop_statue, basic_altar, uniq_saint_roka
Elf:1:    layout_geoelf_octagon, serial_shops, shop, hangedman_elf_represent
Elf:2:    elven_hall_of_blades_hangedman_alternative
          [nicolae_blade_entry_area_security], layout_loops_ring,
          glass_columns_a, uniq_azrael
Elf:3:    elf_hall, layout_geoelf_octagon, uniq_louise, uniq_donald
Vaults:1: vaults_mumra_minichess, nicolae_vaults_twisting_passages,
          grunt_vaults_twisty, ontoclasm_vaults_shuriken,
          vaults_dpeg_encased_lava, v_rooms_2, ontoclasm_vaults_tryst,
          vaults_dpeg_emergency_exit, v_rooms_5, vaults_room_pool,
          nicolae_vaults_ring_of_whatevers, layout_vaults_omnicross,
          serial_shops, shop
Vaults:2: ontoclasm_vaults_hangar, minmay_crypt_entry_necro_gods,
          hangedman_vaults_stretched_pinwheel, v_misc_33,
          hangedman_vaults_stitches, v_misc_4, hangedman_vaults_slice,
          hangedman_vaults_nodes, vaults_room_fancy_cross,
          hangedman_vaults_stagger, vaults_room_stairs_pillars,
          layout_vaults_ring
Vaults:3: ontoclasm_vaults_eye, v_alt_pattern_1, ontoclasm_vaults_spin,
          v_misc_8, grunt_vaults_hallway_short, hangedman_vaults_hat,
          nicolae_vaults_little_squares_1, vaults_room_door_hall,
          hangedman_vaults_nails, v_misc_27, vaults_dpeg_ring, v_misc_22,
          vaults_room_pool, layout_vaults_big_room, uniq_mennas
Vaults:4: vaults_room_fours, nicolae_vaults_big_ls, ontoclasm_vaults_idyll,
          ontoclasm_vaults_shout, v_misc_2, v_misc_19,
          nicolae_vaults_network_star, ontoclasm_vaults_pinch,
          nicolae_vaults_network_barrier, layout_vaults_maze
Vaults:5: serial_shops, uniq_xtahua, uniq_mara
Depths:1: layout_roguey, grunt_hell_horde, chequers_jeans,
          kiku_gazebo_pond_becter
Depths:2: lemuel_minitomb, layout_cave_shapes, enter_ziggurat_d,
          rand_demon_pan_entry_4, pf_hell_entry_tar_spiral,
          nicolae_ru_awakened_eye, kennysheep_random_hallway,
          infiniplex_staircase_zigzag_3, uniq_sojobo

Notes
Turn   | Place    | Note
-------+----------+-------------------------------------------
     0 | D:1      | demibob the Hill Orc Fighter began the quest for the Orb.
     0 | D:1      | Reached XP level 1. HP: 19/19 MP: 1/1
    35 | D:1      | Reached skill level 3 in Axes
    35 | D:1      | Reached XP level 2. HP: 26/26 MP: 2/2
   120 | D:1      | Reached skill level 4 in Axes
   364 | D:1      | Found a faded altar of an unknown god.
   650 | D:2      | Reached XP level 3. HP: 31/31 MP: 3/3
  1229 | D:3      | Reached skill level 5 in Axes
  1272 | D:3      | Found a broken altar of Ashenzari.
  1332 | D:3      | Found a shimmering altar of Xom.
  1385 | D:3      | Found a blossoming altar of Fedhas.
  1410 | D:3      | Reached XP level 4. HP: 38/39 MP: 4/4
  1442 | D:3      | Noticed Sigmund
  1459 | D:3      | Killed Sigmund
  1460 | D:3      | Reached skill level 7 in Axes
  1460 | D:3      | Reached XP level 5. HP: 41/45 MP: 5/5
  1780 | D:3      | Reached skill level 8 in Axes
  1834 | D:4      | Found a glowing golden altar of the Shining One.
  1874 | D:4      | Noticed a phantom
  1887 | D:4      | Killed a phantom
  1888 | D:4      | Reached XP level 6. HP: 35/51 MP: 6/6
  2139 | D:4      | Reached skill level 9 in Axes
  2205 | D:4      | Reached XP level 7. HP: 51/57 MP: 7/7
  2447 | D:4      | Became a worshipper of Beogh the Brigand
  2460 | D:4      | Reached skill level 10 in Axes
  2683 | D:5      | Entered Level 5 of the Dungeon
  2683 | D:5      | Found a hazy altar of Hepliaklqana.
  2908 | D:5      | Found a burning altar of Makhleb.
  2919 | D:5      | Reached skill level 11 in Axes
  3159 | D:5      | Reached XP level 8. HP: 56/64 MP: 8/8
  3256 | D:5      | Reached * piety under Beogh
  3257 | D:5      | Reached skill level 12 in Axes
  3314 | D:5      | Found a sparkling altar of Nemelex Xobeh.
  3407 | D:5      | Found an iron altar of Okawaru.
  3871 | D:6      | Reached skill level 13 in Axes
  4096 | D:6      | Found an ancient bone altar of Kikubaaqudgha.
  4225 | D:6      | Reached skill level 4 in Fighting
  4359 | D:6      | Found a white marble altar of Elyvilon.
  4633 | D:6      | Reached skill level 4 in Armour
  4669 | D:6      | Identified a scroll of acquirement
  4669 | D:6      | Acquired the +3 Mad Mage's Maulers {Infuse+∞ VampMP -Cast}
  4669 | D:6      | Found the +3 Mad Mage's Maulers {Infuse+∞ VampMP -Cast}
  4709 | D:6      | Found an ornate altar of the Wu Jian Council.
  4888 | D:7      | Noticed a wyvern
  4894 | D:7      | Killed a wyvern
  4895 | D:7      | Reached XP level 9. HP: 73/73 MP: 2/9
  4925 | D:7      | Reached skill level 5 in Fighting
  5091 | D:7      | Reached skill level 14 in Axes
  5091 | D:7      | Reached skill level 5 in Armour
  5187 | D:7      | Found a staircase to the Ecumenical Temple.
  5233 | D:7      | Reached ** piety under Beogh
  6049 | D:7      | Reached skill level 6 in Fighting
  6718 | D:8      | Noticed a two-headed ogre
  6723 | D:8      | Killed a two-headed ogre
  6724 | D:8      | Reached skill level 7 in Fighting
  6724 | D:8      | Reached skill level 6 in Armour
  6826 | D:8      | Noticed a hornet
  6834 | D:8      | Killed a hornet
  6988 | D:8      | Reached XP level 10. HP: 86/86 MP: 0/10
  7305 | D:8      | Reached skill level 15 in Axes
  7312 | D:8      | Reached skill level 7 in Armour
  7431 | D:8      | Reached skill level 8 in Fighting
  7445 | D:8      | Reached *** piety under Beogh
  7527 | D:8      | Found Mybiurau's One-of-a-Kind Rings.
  7702 | D:8      | Found a staircase to the Lair.
  7709 | D:8      | Found Dyugalus's Book Shoppe.
  7808 | D:8      | Found a shimmering blue altar of Sif Muna.
  7916 | D:8      | Identified a potion of resistance
  8018 | D:9      | Reached skill level 8 in Armour
  8023 | D:9      | Reached skill level 9 in Fighting
  8623 | D:9      | Identified the ring of Xejenn {Will+ rCorr Stlth+}
  8667 | D:9      | Reached skill level 16 in Axes
  8862 | D:9      | You are sucked into a shaft and drop 2 floors!
  8863 | D:11     | Noticed a gargoyle
  8872 | D:11     | Killed a gargoyle
  8937 | D:11     | Noticed a boulder beetle
  8948 | D:11     | Killed a boulder beetle
  8949 | D:11     | Reached skill level 9 in Armour
  8949 | D:11     | Reached XP level 11. HP: 86/99 MP: 0/11
  9108 | D:11     | Reached skill level 10 in Fighting
  9124 | D:11     | Reached **** piety under Beogh
  9791 | D:11     | Noticed a manticore
  9796 | D:11     | Killed a manticore
  9915 | D:10     | Entered Level 10 of the Dungeon
  9974 | D:10     | Found a stormy altar of Qazlal.
 10174 | D:9      | Reached skill level 17 in Axes
 10174 | D:9      | Reached skill level 10 in Armour
 10180 | D:9      | Reached skill level 11 in Fighting
 10318 | D:9      | Noticed a two-headed ogre
 10320 | D:9      | Killed a two-headed ogre
 10643 | D:9      | Upgraded the game from 0.30-a0-576-g89cddaab80 to
                  | 0.30-a0-578-gdee14c521f
 10735 | D:10     | Noticed a manticore
 10746 | D:10     | Killed a manticore
 10747 | D:10     | Noticed a white ugly thing
 10749 | D:10     | Noticed an ice dragon
 10751 | D:10     | Killed a white ugly thing
 10758 | D:10     | Noticed a salamander
 10758 | D:10     | Killed an ice dragon
 10758 | D:10     | Gained Jorge as an ally
 10764 | D:10     | Noticed a two-headed ogre
 10775 | D:10     | Killed a salamander
 10776 | D:10     | Reached XP level 12. HP: 57/111 MP: 0/12
 10779 | D:10     | Killed a two-headed ogre
 10785 | D:10     | Reached skill level 12 in Fighting
 10785 | D:10     | Reached skill level 11 in Armour
 11175 | D:10     | Noticed a two-headed ogre
 11178 | D:10     | Killed a two-headed ogre
 11454 | D:10     | Noticed Gastronok
 11526 | D:10     | Killed Gastronok
 11527 | D:10     | Reached skill level 18 in Axes
 11684 | D:10     | Found a staircase to the Orcish Mines.
 11687 | D:10     | Noticed Psyche
 11691 | D:10     | Killed Psyche
 12045 | D:10     | Found a snail-covered altar of Cheibriados.
 12408 | Orc:1    | Entered Level 1 of the Orcish Mines
 12408 | Orc:1    | Noticed an orc warlord
 12417 | Orc:1    | Killed an orc warlord
 12433 | Orc:1    | Reached ***** piety under Beogh
 12532 | Orc:1    | Noticed a two-headed ogre
 12538 | Orc:1    | Killed a two-headed ogre
 12539 | Orc:1    | Reached skill level 13 in Fighting
 12539 | Orc:1    | Reached skill level 12 in Armour
 12860 | Orc:1    | Noticed Fannar
 12868 | Orc:1    | Killed Fannar
 13235 | Orc:2    | Entered Level 2 of the Orcish Mines
 13235 | Orc:2    | Noticed an ettin
 13235 | Orc:2    | Found a staircase to the Elven Halls.
 13242 | Orc:2    | Killed an ettin
 13275 | Orc:2    | Noticed Saint Roka
 13316 | Orc:2    | Killed Saint Roka
 13317 | Orc:2    | Reached skill level 19 in Axes
 13317 | Orc:2    | Reached XP level 13. HP: 34/122 MP: 3/13
 13709 | Orc:2    | Found Qopab's Armour Shoppe.
 13740 | Orc:2    | Found a roughly hewn altar of Beogh.
 14314 | Orc:2    | Noticed an orc warlord
 14332 | Orc:2    | Killed an orc warlord
 14334 | Orc:2    | Found Pourri's Antique Armour Shoppe.
 14335 | Orc:2    | Found a roughly hewn altar of Beogh.
 14338 | Orc:2    | Found Kogoic's Antique Weapon Emporium.
 14506 | Orc:2    | Gained Koronagh as an ally
 14508 | Orc:2    | Reached skill level 14 in Fighting
 14664 | Orc:2    | Found a roughly hewn altar of Beogh.
 14676 | Orc:2    | Found a burning altar of Makhleb.
 14881 | Orc:2    | Found a roughly hewn altar of Beogh.
 14882 | Orc:2    | Found Leat Mih's Book Emporium.
 14994 | Orc:2    | Gained Horkud as an ally
 15231 | Orc:2    | Found a roughly hewn altar of Beogh.
 15234 | Orc:2    | Found Cusmiof's Antique Armour Emporium.
 15330 | Orc:2    | Bought a pair of fine boots for 275 gold pieces
 15330 | Orc:2    | Identified the +0 pair of boots of the Beginning {rPois
                  | Regen+ Int-2} (You bought it in a shop on level 2 of the
                  | Orcish Mines)
 15569 | Lair:1   | Entered Level 1 of the Lair of Beasts
 15773 | Lair:1   | You fall into a shaft and drop 1 floor!
 15786 | Lair:2   | Reached skill level 13 in Armour
 15882 | Lair:1   | Gained Berold as an ally
 16232 | Lair:1   | Reached ****** piety under Beogh
 16822 | Lair:1   | Identified the +5 flail of the Baleful God {flame, rN++
                  | Will++ rCorr}
 16921 | Lair:1   | Found an ancient bone altar of Kikubaaqudgha.
 17624 | Lair:2   | Reached skill level 1 in Invocations
 17749 | Lair:2   | Reached skill level 2 in Invocations
 18529 | Lair:2   | Found a staircase to the Shoals.
 18641 | Lair:2   | Reached skill level 3 in Invocations
 18892 | Lair:3   | Reached skill level 15 in Fighting
 19034 | Lair:3   | Reached skill level 4 in Invocations
 19039 | Lair:3   | Reached skill level 14 in Armour
 19043 | Lair:3   | Found a staircase to the Snake Pit.
 19143 | Lair:3   | Reached XP level 14. HP: 135/135 MP: 3/17
 19735 | Lair:3   | Reached skill level 5 in Invocations
 19878 | Lair:3   | Reached skill level 20 in Axes
 20620 | Lair:4   | Reached skill level 6 in Invocations
 20849 | Lair:4   | Noticed Josephine
 20856 | Lair:4   | Killed Josephine
 20986 | Lair:4   | Found a runed translucent door.
 20987 | Lair:4   | Found a viscous altar of Jiyva.
 20989 | Lair:4   | Found a staircase to the Slime Pits.
 21172 | Lair:4   | Noticed Urug
 21916 | Lair:4   | Found a runed translucent door.
 22136 | Lair:5   | Entered Level 5 of the Lair of Beasts
 22139 | Lair:5   | Reached skill level 7 in Invocations
 22152 | Lair:5   | Reached skill level 16 in Fighting
 22472 | Lair:5   | Gained Borgoth as an ally
 22984 | Lair:5   | Reached skill level 15 in Armour
 22984 | Lair:5   | Reached skill level 8 in Invocations
 23671 | Lair:5   | Your ally Borgoth died
 23684 | Lair:5   | Reached skill level 9 in Invocations
 24628 | Lair:5   | Reached XP level 15. HP: 145/145 MP: 3/22
 24644 | Lair:5   | Gained Bogbrand as an ally
 24682 | Lair:5   | Reached skill level 17 in Fighting
 24682 | Lair:5   | Reached skill level 10 in Invocations
 24685 | Lair:5   | Gained Arbeogh as an ally
 25739 | D:12     | Gained Ogrik as an ally
 25761 | D:12     | Reached skill level 16 in Armour
 26934 | D:12     | Found a portal to a secret trove of treasure.
 27048 | D:13     | Reached skill level 11 in Invocations
 27194 | D:13     | Identified the +1 pair of gloves of Xeba {Harm Str+3}
 27403 | D:13     | Your ally Koronagh died
 27541 | D:13     | Found a glowing golden altar of the Shining One.
 27736 | D:13     | Found a gate to the Vaults.
 29595 | D:14     | Reached skill level 12 in Invocations
 30178 | D:15     | Entered Level 15 of the Dungeon
 30220 | D:15     | Reached skill level 18 in Fighting
 30238 | D:15     | Gained Learuk as an ally
 30365 | D:15     | Found a runed translucent door.
 30370 | D:15     | Noticed Ryruocesk's ghost (adept DEFE)
 30590 | D:15     | Found a runed translucent door.
 30593 | D:15     | Noticed a lich
 30598 | D:15     | Noticed a tengu reaver
 30598 | D:15     | Noticed an orc warlord
 30667 | D:15     | Found Xischiby's Magic Scroll Emporium.
 30818 | D:15     | a death yak changed into a storm dragon
 30818 | D:15     | Noticed a storm dragon (glowing shapeshifter)
 30819 | D:15     | a storm dragon changed into something unseen
 30982 | D:15     | Found a staircase to the Depths.
 31629 | Snake:1  | Entered Level 1 of the Snake Pit
 31645 | Snake:1  | Reached XP level 16. HP: 98/157 MP: 1/25
 31795 | Snake:1  | Noticed Nikola
 31811 | Snake:1  | Reached skill level 17 in Armour
 31811 | Snake:1  | Your ally Horkud died
 31811 | Snake:1  | Your ally Urug died
 31818 | Snake:1  | Gained Jorge as an ally
 31820 | Snake:1  | Noticed a nagaraja
 31820 | Snake:1  | Noticed Kirke
 31824 | Snake:1  | Reached skill level 13 in Invocations
 31825 | Snake:1  | Your ally Learuk died
 31827 | Snake:1  | Noticed Aizul
 31827 | Snake:1  | Killed a nagaraja
 31830 | Snake:1  | Killed Kirke
 31834 | Snake:1  | Your ally Ogrik died
 31837 | Snake:1  | Killed Aizul
 31976 | Snake:1  | Noticed Agnes
 31981 | Snake:1  | Killed Agnes
 32372 | Snake:1  | Identified the +10 sling "Tiuxiy" {flame, Contam Int+3
                  | SInv}
 32542 | Snake:1  | You fall into a shaft and drop 1 floor!
 32562 | Snake:2  | Noticed a nagaraja
 32566 | Snake:2  | Noticed a nagaraja
 32573 | Snake:2  | Killed a nagaraja
 32577 | Snake:2  | Noticed a nagaraja
 32590 | Snake:2  | Noticed a nagaraja
 32591 | Snake:2  | Killed a nagaraja
 32593 | Snake:2  | Your ally Jorge died
 32595 | Snake:2  | Noticed a nagaraja
 32598 | Snake:2  | Your ally Arbeogh died
 32601 | Snake:2  | Noticed a nagaraja
 32607 | Snake:2  | Killed a nagaraja
 32608 | Snake:2  | Killed a nagaraja
 32611 | Snake:2  | Killed a nagaraja
 32613 | Snake:2  | Killed a nagaraja
 32633 | Snake:2  | Found a shadowy altar of Dithmenos.
 32695 | Snake:2  | Killed Nikola
 32696 | Snake:2  | Reached skill level 19 in Fighting
 33016 | Snake:2  | Reached skill level 14 in Invocations
 33325 | Snake:2  | Found Enludgh's Armour Shoppe.
 33329 | Snake:2  | Gained Okrist as an ally
 33387 | Snake:2  | Noticed a nagaraja
 33394 | Snake:2  | Killed a nagaraja
 33545 | Snake:2  | Identified the +2 leather armour of the Lotus Blossom
                  | {Will+ Regen+ Slay+2}
 34291 | Snake:3  | Noticed Vashnia
 34304 | Snake:3  | Your ally Okrist died
 34321 | Snake:3  | Killed Vashnia
 34808 | Snake:3  | Noticed Mlioglotl
 34818 | Snake:3  | Killed Mlioglotl
 34825 | Snake:3  | Reached skill level 18 in Armour
 36340 | Snake:4  | Entered Level 4 of the Snake Pit
 36460 | Snake:4  | Gained Orik as an ally
 36491 | Snake:4  | Found a runed translucent gate.
 36491 | Snake:4  | Found a runed translucent gate.
 36491 | Snake:4  | Found a runed translucent gate.
 36492 | Snake:4  | Noticed jejorda2's ghost (adept MfBe)
 36492 | Snake:4  | Noticed jfcaron's ghost (adept DsMo)
 36498 | Snake:4  | Noticed Asterion
 36502 | Snake:4  | Your ally Orik died
 36664 | Snake:4  | Killed Asterion
 36665 | Snake:4  | Reached XP level 17. HP: 170/170 MP: 7/27
 36978 | Snake:4  | Reached skill level 20 in Fighting
 37764 | Snake:4  | Found Xocerph's Assorted Antiques.
 37764 | Snake:4  | Found Omaren's Weapon Shoppe.
 37777 | Snake:4  | Found Fejigexo's Armour Shoppe.
 37780 | Snake:4  | Found Lezotz's Magic Scroll Shoppe.
 37921 | Snake:4  | Bought a ruby ring for 160 gold pieces
 37921 | Snake:4  | Bought a brass wand for 128 gold pieces
 38611 | Snake:4  | Reached skill level 19 in Armour
 39378 | Snake:4  | Reached skill level 21 in Fighting
 39996 | Snake:4  | Got a serpentine rune of Zot
 40214 | Snake:4  | Found Rapriwep's Weapon Shoppe.
 40909 | Vaults:1 | Entered Level 1 of the Vaults
 40921 | Vaults:1 | Reached skill level 20 in Armour
 41231 | Vaults:1 | Gained Blodwig as an ally
 41352 | Vaults:1 | Identified the +1 arbalest "Rocrext" {speed, Int+5}
 41402 | Vaults:1 | Found Onoell's Armour Shop.
 41417 | Vaults:1 | Reached XP level 18. HP: 155/183 MP: 3/28
 41423 | Vaults:1 | Your ally Blodwig died
 41622 | Vaults:1 | Reached skill level 22 in Fighting
 42022 | Vaults:1 | You are cast into the Abyss!
 42022 | Abyss:2  | Cast into level 2 of the Abyss (a wizard)
 42115 | Abyss:3  | Paralysed by accursed screaming for 1 turns
 42128 | Abyss:3  | Paralysed by accursed screaming for 2 turns
 42137 | Abyss:3  | Paralysed by accursed screaming for 2 turns
 42167 | Abyss:3  | Noticed a lich
 42169 | Abyss:3  | Killed a lich
 42182 | Abyss:3  | Reached skill level 21 in Armour
 42184 | Vaults:1 | You pass through the gate.
 42184 | Vaults:1 | Escaped the Abyss
 43284 | Vaults:1 | Reached skill level 23 in Fighting
 43707 | Vaults:1 | Gained Wargrak as an ally
 44851 | Vaults:2 | Reached XP level 19. HP: 143/195 MP: 2/29
 44992 | Vaults:2 | Found a staircase to the Crypt.
 44992 | Vaults:2 | Found a basalt altar of Yredelemnul.
 44992 | Vaults:2 | Found an ancient bone altar of Kikubaaqudgha.
 45390 | Vaults:2 | >>oh
 45390 | Vaults:2 | >>lol
 46017 | Vaults:2 | Reached skill level 22 in Armour
 46169 | Vaults:2 | Gained Judas as an ally
 46196 | Vaults:2 | Your ally Judas died
 46205 | Vaults:2 | Reached skill level 24 in Fighting
 47856 | Vaults:3 | Noticed Mennas
 47869 | Vaults:3 | Killed Mennas
 48579 | Vaults:3 | Gained Zorug as an ally
 49419 | Vaults:3 | You fall into a shaft and drop 1 floor!
 49470 | Vaults:4 | Reached skill level 23 in Armour
 49671 | Vaults:4 | Reached XP level 20. HP: 165/209 MP: 1/30
 49673 | Vaults:4 | Your ally Zorug died
 49691 | Vaults:4 | Gained Bogdar as an ally
 49696 | Vaults:4 | Reached skill level 25 in Fighting
 49703 | Vaults:4 | Gained mutation: You have hidden genetic defects. [a
                  | neqoxec]
 52406 | Vaults:3 | Gained Ugrim as an ally
 52411 | Vaults:3 | Gained mutation: You are frail. (-10% HP) [hidden defects]
 52828 | Elf:1    | Entered Level 1 of the Elven Halls
 52852 | Elf:1    | Noticed a Tzitzimitl
 53022 | Elf:1    | Paralysed by an air elemental for 1 turns
 53589 | Elf:1    | Found Imeumosch's Book Shoppe.
 53632 | Elf:1    | Bought a manual of Fighting for 1200 gold pieces
 54219 | Elf:1    | You are cast into the Abyss!
 54219 | Abyss:3  | Cast into level 3 of the Abyss (a deep elf sorcerer)
 54363 | Abyss:4  | Reached skill level 26 in Fighting
 54363 | Abyss:4  | Reached skill level 24 in Armour
 54364 | Abyss:4  | Gained mutation: Your body sometimes deteriorates upon
                  | taking damage. [hidden defects]
 54364 | Abyss:4  | Lost mutation: You have hidden genetic defects. [hidden
                  | defects expressed]
 54513 | Elf:1    | You pass through the gate.
 54513 | Elf:1    | Escaped the Abyss
 54925 | Elf:1    | Paralysed by an air elemental for 1 turns
 55109 | Elf:1    | Lost mutation: Your body sometimes deteriorates upon taking
                  | damage. [potion of mutation]
 55109 | Elf:1    | Lost mutation: You are frail. (-10% HP) [potion of
                  | mutation]
 55109 | Elf:1    | Gained mutation: You possess an exceptional clarity of
                  | mind. [potion of mutation]
 55109 | Elf:1    | Lost mutation: You possess an exceptional clarity of mind.
                  | [potion of mutation]
 55109 | Elf:1    | Gained mutation: You sometimes lose your temper in combat.
                  | [potion of mutation]
 55110 | Elf:1    | Lost mutation: You sometimes lose your temper in combat.
                  | [potion of mutation]
 55110 | Elf:1    | Gained mutation: Your magical capacity is low. (-10% MP)
                  | [potion of mutation]
 55110 | Elf:1    | Gained mutation: You are resistant to electric shocks.
                  | (rElec) [potion of mutation]
 55438 | Elf:2    | Noticed Azrael
 55451 | Elf:2    | Killed Azrael
 55604 | Elf:2    | Found a huge runed translucent gate.
 55604 | Elf:2    | Found a huge runed translucent gate.
 55604 | Elf:2    | Found a huge runed translucent gate.
 55605 | Elf:2    | Found a huge runed translucent gate.
 55605 | Elf:2    | Found a huge runed translucent gate.
 55749 | Elf:2    | Noticed a Brimstone Fiend
 55750 | Elf:2    | Noticed a Brimstone Fiend
 55759 | Elf:2    | Reached skill level 27 in Fighting
 55759 | Elf:2    | Gained Orbeogh as an ally
 55767 | Elf:2    | Reached XP level 21. HP: 57/224 MP: 4/28
 56646 | Elf:2    | Your ally Orbeogh died
 57002 | Elf:3    | Entered Level 3 of the Elven Halls
 57139 | Elf:3    | Reached skill level 25 in Armour
 58024 | Elf:3    | Identified the +4 kite shield of the Pleiades {rN+}
 58024 | Elf:3    | Noticed Donald
 58027 | Elf:3    | Killed Donald
 58663 | Elf:3    | You are cast into the Abyss!
 58663 | Abyss:4  | Cast into level 4 of the Abyss (a deep elf sorcerer)
 58819 | Abyss:4  | Reached skill level 26 in Armour
 58841 | Elf:3    | You pass through the gate.
 58841 | Elf:3    | Escaped the Abyss
 59067 | Elf:3    | Your ally Jorge died
 59587 | Elf:3    | Identified the +1 scale mail of Experimentation {rF- rC+
                  | Dex+2}
 59602 | Elf:3    | Identified the +12 lajatang of Reapportionment {drain,
                  | Int+3}
 59636 | Elf:3    | Got Nitsoalu's Treatise on Confrontation
 60032 | Vaults:5 | Entered Level 5 of the Vaults
 60407 | Vaults:5 | Reached skill level 27 in Armour
 60453 | Vaults:5 | Reached skill level 1 in Dodging
 60531 | Vaults:5 | Reached XP level 22. HP: 204/233 MP: 1/29
 60690 | Vaults:5 | Gained Bogfrid as an ally
 60709 | Vaults:5 | Reached skill level 2 in Dodging
 60722 | Vaults:5 | Noticed Mara
 60727 | Vaults:5 | Noticed demibob's illusion
 60731 | Vaults:5 | Killed Mara
 60731 | Vaults:5 | Your ally Bogfrid died
 60732 | Vaults:5 | Reached skill level 21 in Axes
 60750 | Vaults:5 | Reached skill level 3 in Dodging
 61219 | Vaults:5 | Identified the ring "Joifumuv" {rPois rN++ rCorr Int+6
                  | Dex+3}
 61225 | Vaults:5 | Reached skill level 4 in Dodging
 61229 | Vaults:5 | Gained Agrik as an ally
 61300 | Vaults:5 | Identified the +4 great sword "Xyntu" {antimagic, rElec}
 61325 | Vaults:5 | Noticed Xtahua
 61329 | Vaults:5 | Killed Xtahua
 61808 | Vaults:5 | Reached skill level 5 in Dodging
 61834 | Vaults:5 | Reached skill level 22 in Axes
 61997 | Vaults:5 | Identified the +7 short sword of Nod Mesk {flame, +Blink
                  | rPois rF+ Int-4}
 62011 | Vaults:5 | Got the Spellbook of Gloom and the Birds
 62051 | Vaults:5 | Found the +3 giant club "Skullcrusher" {speed, Str+7}
 62296 | Vaults:5 | Reached skill level 6 in Dodging
 62429 | Vaults:5 | Got a silver rune of Zot
 63261 | Depths:1 | Entered Level 1 of the Depths
 63808 | Depths:1 | Gained Harm as an ally
 64059 | Depths:1 | Reached skill level 7 in Dodging
 64074 | Depths:1 | Found an ancient bone altar of Kikubaaqudgha.
 64429 | Depths:1 | Found a gateway to Hell.
 64434 | Depths:1 | Your ally Harm died
 64465 | Depths:1 | HP: 12/233 [hellephant/blast of flame (36)]
 64627 | Depths:1 | Reached skill level 23 in Axes
 65310 | Depths:1 | Reached XP level 23. HP: 212/240 MP: 5/30
 65582 | Depths:2 | Noticed Sojobo
 65602 | Depths:2 | Killed Sojobo
 65603 | Depths:2 | Reached skill level 8 in Dodging
 65947 | Depths:2 | Identified a +1 buckler of resistance
 66538 | Depths:2 | Found a one-way gateway to a ziggurat.
 66749 | Depths:2 | Found a sacrificial altar of Ru.
 67356 | Depths:2 | Reached skill level 24 in Axes
 67495 | Depths:2 | Reached skill level 9 in Dodging
 67899 | Depths:2 | HP: 17/224 [something (13)]
 67899 | Depths:2 | Gained mutation: Armour fits poorly on your strangely
                  | shaped body. [a neqoxec]
 67900 | Depths:2 | Killed by a mummy priest's death curse

Vanquished Creatures
  Mennas (Vaults:3)
  Mara (Vaults:5)
  Sojobo (Depths:2)
  Xtahua (Vaults:5)
  2 hellephants (Depths:1)
  2 tentacled monstrosities
  2 titans (Vaults:5)
  Asterion (Snake:4)
  A deep elf blademaster (Elf:3)
  A walking frostbound tome (Abyss:4)
  A lich (Abyss:3)
  Mlioglotl (Snake:3)
  A quicksilver dragon (Vaults:5)
  2 sphinxes
  Gastronok (D:10)
  5 tengu reavers
  8 tentacled starspawn
  2 storm dragons (Vaults:5)
  4 shadow dragons
  5 deep elf sorcerers
  4 nagarajas
  5 frost giants
  Donald (Elf:3)
  16 vault wardens
  4 fire giants
  A cacodemon (Abyss:4)
  2 spriggan defenders (Depths:1)
  4 deep elf elementalists (Elf:3)
  2 spectral caustic shrikes (Depths:2)
  14 ironbound preservers
  A war gargoyle (Vaults:5)
  3 orc warlords
  10 very ugly things
  8 deep elf demonologists
  10 stone giants
  9 ironbound thunderhulks
  3 deep elf annihilators
  A black draconian (Abyss:3)
  A minotaur (shapeshifter) (Vaults:5)
  5 dire elephants (Vaults:1)
  Azrael (Elf:2)
  A vampire knight (Depths:2)
  An eidolon (Abyss:3)
  4 deep elf death magi (Elf:3)
  4 ettins
  A mummy priest (Depths:2)
  A spectral golden dragon (Depths:2)
  2 fire dragons (Depths:2)
  13 yaktaur captains
  2 entropy weavers
  6 great orbs of eyes
  8 ice dragons
  4 deep elf high priests
  Fannar (Orc:1)
  2 spectral tengu (Depths:2)
  A spriggan air mage (Depths:1)
  3 hydras
  An ogre mage (Vaults:4)
  2 rakshasas (Depths:1)
  31 vault guards
  7 ironbound frosthearts
  2 spectral fire giants (Depths:2)
  5 salamander tyrants (Snake:4)
  3 catoblepae
  11 anacondas
  10 centaur warriors
  6 two-headed ogres
  20 dancing weapons
  7 boulder beetles
  9 death yaks
  3 deep troll shamans (Depths:1)
  A spectral frost giant (Depths:2)
  5 naga warriors
  7 hell hogs (Depths:1)
  4 deep troll earth magi
  3 tengu warriors
  2 spriggan berserkers (Depths:2)
  2 orc high priests (Elf:2)
  8 thrashing horrors (Abyss:4)
  5 naga sharpshooters
  7 shock serpents
  4 hell knights (Depths:1)
  2 spriggans (Depths:1)
  13 deep elf knights
  4 skeletal warriors (D:14)
  2 sixfirhies (Abyss:4)
  2 spectral spriggans (Depths:2)
  4 glowing orange brains
  5 wretched stars
  5 salamander mystics
  An orb spider (shapeshifter) (Vaults:5)
  37 deep trolls
  9 deep elf archers
  2 flayed ghosts
  An obsidian statue (Depths:2)
  20 ironbound convokers
  20 lindwurms
  5 wizards
  7 naga ritualists (Snake:4)
  An anaconda skeleton (Abyss:3)
  4 phantasmal warriors (Vaults:5)
  2 necromancers
  4 harpies (Vaults:2)
  A salamander (shapeshifter) (D:10)
  A wolf spider (Lair:5)
  13 mana vipers
  A cyclops (D:13)
  16 deep elf pyromancers
  4 orc knights
  A mana viper (shapeshifter) (Vaults:5)
  An oklob plant (Abyss:3)
  4 orc sorcerers
  11 deep elf zephyrmancers
  10 elephants (Lair:5)
  A worldbinder (Abyss:4)
  21 ugly things
  3 manticores
  24 salamanders
  An elephant (shapeshifter) (Elf:3)
  7 guardian serpents
  28 black mambas
  16 vault sentinels
  11 naga magi
  A merfolk siren (Lair:2)
  A smoke demon (Abyss:4)
  5 gargoyles
  9 cane toads
  A komodo dragon (shapeshifter) (Elf:2)
  3 orange demons (D:12)
  3 komodo dragons
  Psyche (D:10)
  An efreet (Abyss:4)
  20 yaktaurs
  4 rime drakes
  A tormentor (Abyss:4)
  A tengu conjurer (D:15)
  2 spectral glowing shapeshifters (Depths:2)
  8 guardian mummies (Depths:2)
  2 ancient zymes (Abyss:4)
  3 red devils (D:12)
  2 merfolk (Lair:2)
  9 polar bears
  A wolf spider simulacrum (D:15)
  A tarantella (Vaults:2)
  7 trolls
  A wind drake (shapeshifter) (Vaults:5)
  A hornet (shapeshifter) (Vaults:5)
  4 hornets
  12 blink frogs
  4 small abominations
  7 raiju
  A dream sheep (Lair:5)
  41 slime creatures
  A jumping spider (Vaults:2)
  5 shadows
  A centaur simulacrum (D:14)
  Sigmund (D:3)
  An air elemental (Elf:1)
  2 wyverns
  3 water elementals
  7 wraiths
  A hog (Snake:1)
  A hog (shapeshifter) (Vaults:5)
  7 fire elementals
  43 yaks
  8 large abominations
  4 basilisks
  A chaos spawn (Abyss:4)
  A redback (Vaults:4)
  3 vampire mosquitoes
  An acid dragon (D:10)
  17 nagas
  6 wargs
  8 hell hounds
  15 water moccasins
  A meliai simulacrum (D:14)
  5 ice beasts
  21 orc warriors
  13 black bears
  6 ogres
  5 centaurs
  26 wolves
  19 starcursed masses
  2 phantoms
  5 kobold brigands
  2 necrophages
  8 bullfrogs
  An earth elemental (Elf:3)
  A gnoll sergeant (D:8)
  2 scorpions
  4 wights (D:7)
  6 killer bees
  3 howler monkeys
  2 electric eels
  4 jellies
  7 orc priests
  A gnoll bouda (D:8)
  4 hounds
  2 iron imps
  5 iguanas
  7 orc wizards
  A hound skeleton (D:5)
  8 adders
  10 gnolls
  A shadow imp (D:7)
  5 white imps
  An ufetubus (D:7)
  A worm (D:3)
  A dart slug (D:2)
  17 orcs
  7 endoplasms
  2 giant cockroaches
  6 hobgoblins
  3 jackals (D:4)
  3 quokkas
  3 ball pythons
  6 bats
  2 frilled lizards (D:3)
  3 goblins
  20 kobolds
  4 rats
  2 starspawn tentacles (Abyss:3)
1254 creatures vanquished.

Vanquished Creatures (collateral kills)
  Saint Roka (Orc:2)
  Vashnia (Snake:3)
  Nikola (Snake:2)
  2 deep elf master archers (Elf:3)
  A titan (Vaults:5)
  A deep elf blademaster (Elf:3)
  A quicksilver dragon (Vaults:5)
  4 sphinxes
  2 tengu reavers
  Agnes (Snake:1)
  Kirke (Snake:1)
  5 nagarajas
  2 fire giants
  4 vault wardens
  A deep elf sorcerer (Elf:3)
  Aizul (Snake:1)
  A quicksilver ooze (shapeshifter) (D:15)
  A deep elf elementalist (Elf:3)
  An ironbound thunderhulk (Vaults:4)
  4 ironbound preservers
  3 very ugly things
  5 stone giants
  3 deep elf demonologists
  5 deep elf annihilators (Elf:3)
  2 ettins
  4 deep elf death magi
  2 mummy priests (Depths:2)
  A great orb of eyes (Vaults:1)
  A yaktaur captain (Vaults:5)
  Josephine (Lair:4)
  14 vault guards
  A catoblepas (Lair:4)
  An ice dragon (D:10)
  A peacekeeper (Vaults:4)
  An ironbound frostheart (Vaults:4)
  2 anacondas (Snake:1)
  2 death yaks
  A deep troll shaman (Depths:1)
  A two-headed ogre (Orc:1)
  9 dancing weapons
  2 deep troll earth magi (Depths:2)
  A tengu warrior (D:15)
  A spectral frost giant (Depths:2)
  2 thrashing horrors
  3 naga sharpshooters
  6 shock serpents
  6 deep elf knights
  6 deep trolls
  An iron troll (Depths:2)
  A sea snake (Snake:3)
  A spectral iron dragon (Depths:2)
  3 lindwurms
  A naga ritualist (Snake:1)
  A wizard (Vaults:4)
  8 ironbound convokers
  4 deep elf archers
  2 orc knights (Vaults:3)
  8 deep elf zephyrmancers
  A phantasmal warrior (Vaults:5)
  6 deep elf pyromancers
  3 orc sorcerers
  3 ugly things
  A salamander (Snake:1)
  A guardian serpent (Snake:2)
  4 vault sentinels
  4 elephants
  2 naga magi (Snake:2)
  7 black mambas
  A water nymph (shapeshifter) (Vaults:5)
  2 cane toads (Lair:5)
  2 rime drakes (Lair:5)
  4 torpor snails
  4 yaktaurs
  A tengu conjurer (D:15)
  A komodo dragon (Lair:4)
  3 trolls
  4 polar bears (Lair:5)
  8 blink frogs
  2 dream sheep (Lair:5)
  7 slime creatures
  A water elemental (Depths:2)
  8 yaks
  2 wraiths (Lair:4)
  2 wyverns
  An air elemental (Elf:1)
  3 hogs (Snake:1)
  3 fire elementals
  A steam dragon (D:10)
  A vampire mosquito (D:11)
  7 wargs
  9 nagas
  7 hell hounds (Lair:5)
  3 water moccasins
  6 orc warriors
  A swamp drake (shapeshifter) (D:15)
  4 black bears (Lair:5)
  5 ogres
  11 wolves
  A bullfrog (Lair:2)
  3 killer bees (D:10)
  5 electric eels
  3 howler monkeys
  5 orc priests
  4 starcursed masses
  9 orc wizards
  A gnoll (D:8)
  16 orcs
346 creatures vanquished.

Vanquished Creatures (others)
  A fire giant (Depths:2)
  Urug (Snake:1)
  An orc high priest (Vaults:1)
  10 orc knights
  A naga sharpshooter (Snake:1)
  4 orc sorcerers
  A deep elf zephyrmancer (Elf:2)
  A mana viper (Snake:1)
  30 orc warriors
  A tarantella (shapeshifter) (Vaults:5)
  A naga (Snake:1)
  21 orc priests
  23 orc wizards
  67 orcs
  2 bushes (Abyss:4)
  2 demonic plants (Abyss:3)
  15 fungi
  A lurking horror (Abyss:4)
  33 plants
  25 starspawn tentacles
241 creatures vanquished.

Grand Total: 1841 creatures vanquished

Table legend: (Time is in decaauts)
 A = Elapsed time spent in this place.
 B = Non-inter-level travel time spent in this place.
 C = Inter-level travel time spent in this place.
 D = Time resting spent in this place.
 E = Time spent auto-exploring this place.
 F = Levels seen in this place.
 G = Mean time per level.
                   A        B        C        D        E       F      G
               +--------+--------+--------+--------+--------+-----+--------+
         Total |  67285 |  64481 |   2804 |   8140 |  49141 |  41 | 1641.1 |
       Dungeon |  19151 |  17897 |   1254 |   1548 |  14409 |  15 | 1276.7 |
          Lair |  10094 |   9733 |    361 |    478 |   8391 |   5 | 2018.8 |
     Snake Pit |   8777 |   8465 |    312 |   1782 |   5717 |   4 | 2194.2 |
  Orcish Mines |   3059 |   2871 |    188 |    185 |   2350 |   2 | 1529.5 |
   Elven Halls |   6444 |   6333 |    111 |   1369 |   4124 |   3 | 2148.0 |
        Vaults |  14586 |  14022 |    564 |   1520 |  11126 |   5 | 2917.2 |
        Depths |   4558 |   4546 |     12 |   1111 |   2939 |   2 | 2279.0 |
         Abyss |    614 |    614 |      0 |    146 |     85 |   5 |  122.8 |
               +--------+--------+--------+--------+--------+-----+--------+

Top non-repeatable levels by time:
 Snake:4: 4288 daAuts
Vaults:1: 3217 daAuts
  Lair:5: 3168 daAuts
Vaults:3: 2993 daAuts
Vaults:5: 2928 daAuts
Vaults:2: 2820 daAuts
Vaults:4: 2626 daAuts
   Elf:3: 2575 daAuts
Depths:2: 2291 daAuts
Depths:1: 2266 daAuts
    D:14: 2201 daAuts
    D:10: 2091 daAuts
 Snake:3: 2078 daAuts
   Orc:2: 2057 daAuts
   Elf:1: 1971 daAuts

Table legend:
 A = Non-vault XP
 B = Vault XP
 C = Vault XP percentage of total XP
 D = Non-vault monster count
 E = Vault monster count
 F = Vault count percentage of total count
                 A         B        C        D         E       F
            +---------+---------+-------+---------+---------+-------
      Total |  394624 |  362846 |  47.9 |     969 |     618 |  38.9
            +---------+---------+-------+---------+---------+-------
        D:1 |      28 |       2 |   6.7 |      10 |       1 |   9.1
        D:2 |      21 |       0 |   0.0 |      14 |       0 |   0.0
        D:3 |      53 |     214 |  80.1 |      15 |       1 |   6.2
        D:4 |     429 |       0 |   0.0 |      23 |       0 |   0.0
        D:5 |     839 |     110 |  11.6 |      16 |       2 |  11.1
        D:6 |     540 |       0 |   0.0 |      13 |       0 |   0.0
        D:7 |    1292 |       0 |   0.0 |      30 |       0 |   0.0
        D:8 |    3223 |       0 |   0.0 |      25 |       0 |   0.0
        D:9 |    3304 |       0 |   0.0 |      22 |       0 |   0.0
       D:10 |    1604 |    6471 |  80.1 |      11 |      21 |  65.6
       D:11 |    5360 |       0 |   0.0 |      21 |       0 |   0.0
       D:12 |    7175 |    1948 |  21.4 |      28 |       6 |  17.6
       D:13 |    5427 |    1426 |  20.8 |      17 |       2 |  10.5
       D:14 |    7927 |    1817 |  18.6 |      11 |      14 |  56.0
       D:15 |    3377 |    4449 |  56.8 |      11 |       7 |  38.9
     Lair:1 |    4531 |       0 |   0.0 |      19 |       0 |   0.0
     Lair:2 |    7326 |    1619 |  18.1 |      22 |       8 |  26.7
     Lair:3 |    8135 |     784 |   8.8 |      33 |       5 |  13.2
     Lair:4 |    2934 |    4656 |  61.3 |      18 |      11 |  37.9
     Lair:5 |   10672 |   16564 |  60.8 |      34 |      77 |  69.4
    Snake:1 |   12798 |    3333 |  20.7 |      29 |       7 |  19.4
    Snake:2 |    5900 |   10783 |  64.6 |      17 |      12 |  41.4
    Snake:3 |    8920 |    6289 |  41.4 |      18 |      11 |  37.9
    Snake:4 |   25862 |   32799 |  55.9 |      52 |      48 |  48.0
      Orc:1 |    5305 |     729 |  12.1 |      28 |       1 |   3.4
      Orc:2 |    2478 |    5308 |  68.2 |      27 |      29 |  51.8
      Elf:1 |   16874 |    4592 |  21.4 |      32 |       7 |  17.9
      Elf:2 |   18952 |   17598 |  48.1 |      37 |      39 |  51.3
      Elf:3 |    9434 |   28431 |  75.1 |      19 |      33 |  63.5
   Vaults:1 |   37015 |   15290 |  29.2 |      58 |      27 |  31.8
   Vaults:2 |   31472 |   25333 |  44.6 |      43 |      35 |  44.9
   Vaults:3 |   12027 |   20863 |  63.4 |      20 |      28 |  58.3
   Vaults:4 |   26128 |   16152 |  38.2 |      42 |      27 |  39.1
   Vaults:5 |   18215 |   84001 |  82.2 |      25 |      93 |  78.8
   Depths:1 |   36622 |    9338 |  20.3 |      44 |       9 |  17.0
   Depths:2 |   20142 |   27623 |  57.8 |      24 |      35 |  59.3
    Abyss:2 |     445 |       0 |   0.0 |       2 |       0 |   0.0
    Abyss:3 |    7326 |    9322 |  56.0 |      26 |      10 |  27.8
    Abyss:4 |   24512 |    5002 |  16.9 |      33 |      12 |  26.7
            +---------+---------+-------+---------+---------+-------
